| TOP OF THE 1ST |
|
San Francisco Giants batting - Pitching for New York Mets : LHP Steve Kelly
|
|
Pitching: LHP Steve Kelly
|
|
|
Batting: LHB Jack Henningar
|
0-0: Foul Ball, location: 2F 0-1: Foul Ball, location: 2F 0-2: Ball 1-2: Ball 2-2: Fly out, F8 (Flyball, 8LS, EV 75.6 MPH)
|
|
Batting: LHB Carey Horncole
|
0-0: Ball 1-0: Swinging Strike 1-1: Called Strike 1-2: Foul Ball, location: 2F 1-2: Ball 2-2: Ground out 6-3 (Groundball, 6MD, EV 106.2 MPH)
|
|
Batting: RHB Nate Hodson
|
0-0: Swinging Strike 0-1: Fly out, F9 (Line Drive, 9S, EV 93.1 MPH)
|
| Top of the 1st over - 0 runs, 0 hits, 0 errors, 0 left on base; San Francisco 0 - New York 0 |
| BOTTOM OF THE 1ST |
|
New York Mets batting - Pitching for San Francisco Giants : RHP Keith Kidd
|
|
Pitching: RHP Keith Kidd
|
|
|
Batting: SHB Nelle van den Berg
|
0-0: Foul Ball, location: 2F 0-1: Fly out, F9 (Flyball, 9S, EV 90.0 MPH)
|
|
Batting: LHB Kevin Bellman
|
0-0: Swinging Strike 0-1: Swinging Strike 0-2: Ball 1-2: Strikes out swinging
|
|
Batting: SHB Sean Cook
|
0-0: Ball 1-0: Fly out, F7 (Flyball, 78M, EV 90.6 MPH)
|
| Bottom of the 1st over - 0 runs, 0 hits, 0 errors, 0 left on base; San Francisco 0 - New York 0 |
| TOP OF THE 2ND |
|
San Francisco Giants batting - Pitching for New York Mets : LHP Steve Kelly
|
|
Batting: SHB Bill Dooms
|
0-0: Ball 1-0: Ball 2-0: Called Strike 2-1: Ball 3-1: Ground out 6-3 (Groundball, 6, EV 89.4 MPH)
|
|
Batting: RHB Bill Defazio
|
0-0: Ball 1-0: Swinging Strike 1-1: Called Strike 1-2: Foul Ball, location: 2F 1-2: Ground out 3-1 (Groundball, 13, EV 86.2 MPH)
|
|
Batting: SHB Ryan Doss
|
0-0: Fly out, F3 (Line Drive, 3, EV 68.8 MPH)
|
| Top of the 2nd over - 0 runs, 0 hits, 0 errors, 0 left on base; San Francisco 0 - New York 0 |
| BOTTOM OF THE 2ND |
|
New York Mets batting - Pitching for San Francisco Giants : RHP Keith Kidd
|
|
Batting: SHB Roberto Magne
|
0-0: Ball 1-0: Called Strike 1-1: Foul Ball, location: 2F 1-2: Ball 2-2: Ground out 6-3 (Groundball, 6M, EV 106.9 MPH)
|
|
Batting: RHB Drtian Thaqi
|
0-0: Ball 1-0: Ball 2-0: Ball 3-0: Called Strike 3-1: Ground out 6-3 (Groundball, 6, EV 81.9 MPH)
|
|
Batting: SHB Javy Rosa
|
0-0: Ball 1-0: Ground out 5-3 (Groundball, 5, EV 82.5 MPH)
|
| Bottom of the 2nd over - 0 runs, 0 hits, 0 errors, 0 left on base; San Francisco 0 - New York 0 |
| TOP OF THE 3RD |
|
San Francisco Giants batting - Pitching for New York Mets : LHP Steve Kelly
|
|
Batting: RHB Cesar Martinez
|
0-0: Ball 1-0: Fly out, F9 (Line Drive, 9LS, EV 98.1 MPH)
|
|
Batting: LHB Tom Best
|
0-0: Swinging Strike 0-1: Called Strike 0-2: Fly out, F7 (Flyball, 78S, EV 89.4 MPH)
|
|
Batting: LHB John Blair
|
0-0: Called Strike 0-1: Swinging Strike 0-2: Ball 1-2: Ball 2-2: Foul Ball, location: 2F 2-2: Fly out, F2 (Popup, 15S, EV 78.1 MPH)
|
| Top of the 3rd over - 0 runs, 0 hits, 0 errors, 0 left on base; San Francisco 0 - New York 0 |
| BOTTOM OF THE 3RD |
|
New York Mets batting - Pitching for San Francisco Giants : RHP Keith Kidd
|
|
Batting: RHB Billy Walker
|
0-0: Ball 1-0: Swinging Strike 1-1: Ball 2-1: Fly out, F9 (Flyball, 9S, EV 90.0 MPH)
|
|
Batting: RHB Antonio Aranda
|
0-0: Ground out 6-3 (Groundball, 6, EV 85.6 MPH)
|
|
Batting: RHB Mike Phillips
|
0-0: Foul Ball, location: 2F 0-1: Swinging Strike 0-2: Strikes out swinging
|
| Bottom of the 3rd over - 0 runs, 0 hits, 0 errors, 0 left on base; San Francisco 0 - New York 0 |
| TOP OF THE 4TH |
|
San Francisco Giants batting - Pitching for New York Mets : LHP Steve Kelly
|
|
Batting: LHB Jack Henningar
|
0-0: Called Strike 0-1: Ball 1-1: SINGLE (Groundball, 34D, EV 102.5 MPH)
|
|
Batting: LHB Carey Horncole
|
0-0: Foul Ball, location: 2F 0-1: Ball 1-1: Ball 2-1: Hit by Pitch Jack Henningar to second
|
|
Batting: RHB Nate Hodson
|
0-0: Called Strike 0-1: Ball 1-1: Grounds into double play, 4-6-3 (Groundball, 4, EV 82.5 MPH) Jack Henningar to third
|
|
Batting: SHB Bill Dooms
|
0-0: Called Strike 0-1: Ground out 6-3 (Groundball, 6, EV 101.9 MPH)
|
| Top of the 4th over - 0 runs, 1 hit, 0 errors, 1 left on base; San Francisco 0 - New York 0 |
| BOTTOM OF THE 4TH |
|
New York Mets batting - Pitching for San Francisco Giants : RHP Keith Kidd
|
|
Batting: SHB Nelle van den Berg
|
0-0: Called Strike 0-1: Foul Ball, location: 2F 0-2: Ground out 6-3 (Groundball, 4M, EV 101.9 MPH)
|
|
Batting: LHB Kevin Bellman
|
0-0: Called Strike 0-1: Called Strike 0-2: Ball 1-2: Strikes out looking
|
|
Batting: SHB Sean Cook
|
0-0: Ball 1-0: Ball 2-0: Ball 3-0: Called Strike 3-1: Swinging Strike 3-2: Foul Ball, location: 2F 3-2: Fly out, F4 (Line Drive, 4, EV 69.4 MPH)
|
| Bottom of the 4th over - 0 runs, 0 hits, 0 errors, 0 left on base; San Francisco 0 - New York 0 |
| TOP OF THE 5TH |
|
San Francisco Giants batting - Pitching for New York Mets : LHP Steve Kelly
|
|
Batting: RHB Bill Defazio
|
0-0: Ball 1-0: Ball 2-0: Called Strike 2-1: Ball 3-1: Foul Ball, location: 2F 3-2: Base on Balls
|
|
Batting: SHB Ryan Doss
|
0-0: Ball 1-0: Ball 2-0: Ball 3-0: Base on Balls Bill Defazio to second
|
|
Batting: RHB Cesar Martinez
|
0-0: Ball 1-0: Swinging Strike 1-1: Swinging Strike 1-2: Strikes out swinging
|
|
Batting: LHB Tom Best
|
0-0: Called Strike 0-1: DOUBLE (Line Drive, 89XD, EV 108.8 MPH) Bill Defazio scores Ryan Doss to third
|
|
Batting: LHB John Blair
|
0-0: Swinging Strike 0-1: Foul Ball, location: 2F 0-2: Ball 1-2: Ball 2-2: Ball 3-2: DOUBLE (Groundball, 3L, EV 95.6 MPH) Ryan Doss scores Tom Best scores
|
|
Batting: LHB Jack Henningar
|
0-0: Ball 1-0: Fly out, F8 (Flyball, 78S, EV 88.8 MPH)
|
|
Batting: LHB Carey Horncole
|
0-0: Swinging Strike 0-1: Ball 1-1: Ball 2-1: Foul Ball, location: 2F 2-2: Ball 3-2: Strikes out swinging
|
| Top of the 5th over - 3 runs, 2 hits, 0 errors, 1 left on base; San Francisco 3 - New York 0 |
| BOTTOM OF THE 5TH |
|
New York Mets batting - Pitching for San Francisco Giants : RHP Keith Kidd
|
|
Batting: SHB Roberto Magne
|
0-0: Foul Ball, location: 2F 0-1: Foul Ball, location: 2F 0-2: Ball 1-2: Ball 2-2: Ball 3-2: Ground out 3-1 (Groundball, 3D, EV 106.2 MPH)
|
|
Batting: RHB Drtian Thaqi
|
0-0: Foul Ball, location: 2F 0-1: Swinging Strike 0-2: Strikes out looking
|
|
Batting: SHB Javy Rosa
|
0-0: Hit by Pitch
|
|
Pinch Runner at 1st Finn Ross:
|
|
|
Batting: RHB Billy Walker
|
0-0: Swinging Strike 0-1: Ball 1-1: Called Strike 1-2: Foul Ball, location: 2F 1-2: Fielders Choice at 2nd, 6-4 (Groundball, 6, EV 99.4 MPH)
|
| Bottom of the 5th over - 0 runs, 0 hits, 0 errors, 1 left on base; San Francisco 3 - New York 0 |
| TOP OF THE 6TH |
|
San Francisco Giants batting - Pitching for New York Mets : LHP Steve Kelly
|
|
Now in LF: Antonio Aranda
|
|
|
Now in CF: Finn Ross
|
|
|
Batting: RHB Nate Hodson
|
0-0: Foul Ball, location: 2F 0-1: Swinging Strike 0-2: Ground out 4-3 (Groundball, 4, EV 83.1 MPH)
|
|
Batting: SHB Bill Dooms
|
0-0: Ball 1-0: Ball 2-0: Ground out 4-3 (Groundball, 34, EV 107.5 MPH)
|
|
Batting: RHB Bill Defazio
|
0-0: Ball 1-0: SINGLE (Groundball, 4MD, EV 102.5 MPH)
|
|
Batting: SHB Ryan Doss
|
0-0: Ball 1-0: Ball 2-0: Called Strike 2-1: Foul Ball, location: 2F 2-2: Foul Ball, location: 2F 2-2: SINGLE (Flyball, 6D, EV 88.1 MPH) Bill Defazio to second
|
|
Batting: RHB Cesar Martinez
|
0-0: Ball 1-0: Hit by Pitch Bill Defazio to third Ryan Doss to second
|
|
Batting: LHB Tom Best
|
0-0: Ball 1-0: Called Strike 1-1: Swinging Strike 1-2: Fly out, F8 (Flyball, 8LS, EV 86.2 MPH)
|
| Top of the 6th over - 0 runs, 2 hits, 0 errors, 3 left on base; San Francisco 3 - New York 0 |
| BOTTOM OF THE 6TH |
|
New York Mets batting - Pitching for San Francisco Giants : RHP Keith Kidd
|
|
Batting: RHB Antonio Aranda
|
0-0: Foul Ball, location: 2F 0-1: Foul Ball, location: 2F 0-2: Strikes out looking
|
|
Batting: RHB Mike Phillips
|
0-0: Foul Ball, location: 2F 0-1: Ball 1-1: Ball 2-1: Foul Ball, location: 2F 2-2: Foul Ball, location: 2F 2-2: Foul Ball, location: 2F 2-2: Strikes out looking
|
|
Batting: SHB Nelle van den Berg
|
0-0: Called Strike 0-1: Ball 1-1: Swinging Strike 1-2: Strikes out swinging
|
| Bottom of the 6th over - 0 runs, 0 hits, 0 errors, 0 left on base; San Francisco 3 - New York 0 |
| TOP OF THE 7TH |
|
San Francisco Giants batting - Pitching for New York Mets : LHP Steve Kelly
|
|
Batting: LHB John Blair
|
0-0: Ball 1-0: Foul Ball, location: 2F 1-1: Ball 2-1: Swinging Strike 2-2: Foul Ball, location: 2F 2-2: Strikes out swinging
|
|
Pitching: RHP Ryan Wilson
|
|
|
Batting: LHB Jack Henningar
|
0-0: Ball 1-0: Swinging Strike 1-1: Ground out 4-3 (Groundball, 4, EV 87.5 MPH)
|
|
Batting: LHB Carey Horncole
|
0-0: Called Strike 0-1: Called Strike 0-2: Foul Ball, location: 2F 0-2: Ball 1-2: Foul Ball, location: 2F 1-2: Foul Ball, location: 2F 1-2: Foul Ball, location: 2F 1-2: Ball 2-2: Ball 3-2: Base on Balls
|
|
Batting: RHB Nate Hodson
|
0-0: Ball 1-0: Called Strike 1-1: Ball 2-1: Fly out, F8 (Flyball, 78D, EV 96.2 MPH)
|
| Top of the 7th over - 0 runs, 0 hits, 0 errors, 1 left on base; San Francisco 3 - New York 0 |
| BOTTOM OF THE 7TH |
|
New York Mets batting - Pitching for San Francisco Giants : RHP Keith Kidd
|
|
Batting: LHB Kevin Bellman
|
0-0: Called Strike 0-1: SINGLE (Groundball, 4, EV 98.1 MPH)
|
|
Batting: SHB Sean Cook
|
0-0: Ball 1-0: Ball 2-0: Foul Ball, location: 2F 2-1: Fly out, F7 (Flyball, 7LD, EV 76.2 MPH)
|
|
Batting: SHB Roberto Magne
|
0-0: Swinging Strike 0-1: SINGLE (Groundball, 34S, EV 68.8 MPH) (infield hit) Kevin Bellman to second
|
|
Batting: RHB Drtian Thaqi
|
0-0: Called Strike 0-1: Swinging Strike 0-2: Ball 1-2: Strikes out swinging
|
|
Batting: RHB Finn Ross
|
0-0: Ball 1-0: Fielders Choice at 2nd, 6-4 (Groundball, 6, EV 98.8 MPH)
|
| Bottom of the 7th over - 0 runs, 2 hits, 0 errors, 2 left on base; San Francisco 3 - New York 0 |
| TOP OF THE 8TH |
|
San Francisco Giants batting - Pitching for New York Mets : RHP Ryan Wilson
|
|
Pitching: RHP Justin Overlie
|
|
|
Batting: SHB Bill Dooms
|
0-0: Ball 1-0: SINGLE (Groundball, 25, EV 73.8 MPH) (infield hit)
|
|
Batting: RHB Bill Defazio
|
0-0: Foul Ball, location: 2F 0-1: Swinging Strike 0-2: Strikes out swinging
|
|
Batting: SHB Ryan Doss
|
0-0: Called Strike 0-1: Ball 1-1: 2-RUN HOME RUN (Flyball, 9LD, EV 100.0 MPH), Distance : 380 ft
|
|
Batting: RHB Cesar Martinez
|
0-0: Foul Ball, location: 2F 0-1: Ball 1-1: Swinging Strike 1-2: Foul Ball, location: 2F 1-2: DOUBLE (Line Drive, 9LM, EV 93.8 MPH)
|
|
Batting: LHB Tom Best
|
0-0: Ball 1-0: Swinging Strike 1-1: Swinging Strike 1-2: Foul Ball, location: 2F 1-2: Ball 2-2: Ball 3-2: Strikes out swinging
|
|
Batting: LHB John Blair
|
0-0: Called Strike 0-1: Swinging Strike 0-2: SINGLE (Flyball, 6D, EV 86.2 MPH) Cesar Martinez to third Runner from 3rd tries for Home, SAFE, throw by LF to home
|
|
Batting: LHB Jack Henningar
|
0-0: Foul Ball, location: 2F 0-1: Ball 1-1: Foul Ball, location: 2F 1-2: Foul Ball, location: 2F 1-2: Foul Ball, location: 2F 1-2: Ball 2-2: Ball 3-2: Base on Balls John Blair to second
|
|
Pitching: RHP Billy McIntyre
|
|
|
Batting: LHB Carey Horncole
|
0-0: Called Strike 0-1: Foul Ball, location: 2F 0-2: Strikes out looking
|
| Top of the 8th over - 3 runs, 4 hits, 0 errors, 2 left on base; San Francisco 6 - New York 0 |
| BOTTOM OF THE 8TH |
|
New York Mets batting - Pitching for San Francisco Giants : RHP Keith Kidd
|
|
Batting: RHB Billy Walker
|
0-0: Called Strike 0-1: Ball 1-1: Called Strike 1-2: Ground out 4-3 (Groundball, 34, EV 85.6 MPH)
|
|
Batting: RHB Antonio Aranda
|
0-0: Ball 1-0: SOLO HOME RUN (Flyball, 78XD, EV 97.5 MPH), Distance : 401 ft
|
|
Batting: RHB Mike Phillips
|
0-0: Called Strike 0-1: Called Strike 0-2: Ball 1-2: Foul Ball, location: 2F 1-2: Foul Ball, location: 2F 1-2: Foul Ball, location: 2F 1-2: Ball 2-2: Ball 3-2: Fly out, F3 (Popup, 3SF, EV 83.1 MPH)
|
|
Batting: SHB Nelle van den Berg
|
0-0: Fly out, F8 (Flyball, 8LM, EV 84.4 MPH)
|
| Bottom of the 8th over - 1 run, 1 hit, 0 errors, 0 left on base; San Francisco 6 - New York 1 |
| TOP OF THE 9TH |
|
San Francisco Giants batting - Pitching for New York Mets : RHP Billy McIntyre
|
|
Batting: RHB Nate Hodson
|
0-0: Called Strike 0-1: Ball 1-1: Fly out, F9 (Flyball, 9D, EV 84.4 MPH)
|
|
Batting: SHB Bill Dooms
|
0-0: Ball 1-0: Ball 2-0: Ball 3-0: Called Strike 3-1: Base on Balls
|
|
Batting: RHB Bill Defazio
|
0-0: Ball 1-0: SINGLE (Groundball, 6M, EV 102.5 MPH) (infield hit) Bill Dooms to second
|
|
Batting: SHB Ryan Doss
|
0-0: Ball 1-0: Ground out 4-3 (Groundball, 34D, EV 102.5 MPH) Bill Dooms to third Bill Defazio to second
|
|
Batting: RHB Cesar Martinez
|
0-0: Foul Ball, location: 2F 0-1: Ball 1-1: Ball 2-1: Ball 3-1: Base on Balls
|
|
Batting: LHB Tom Best
|
0-0: Ball 1-0: Ball 2-0: Ball 3-0: Called Strike 3-1: Base on Balls Bill Dooms scores Bill Defazio to third Cesar Martinez to second
|
|
Batting: LHB John Blair
|
0-0: Called Strike 0-1: Ball 1-1: Ball 2-1: Swinging Strike 2-2: Ball 3-2: Strikes out swinging
|
| Top of the 9th over - 1 run, 1 hit, 0 errors, 3 left on base; San Francisco 7 - New York 1 |
| BOTTOM OF THE 9TH |
|
New York Mets batting - Pitching for San Francisco Giants : RHP Keith Kidd
|
|
Batting: LHB Kevin Bellman
|
0-0: Called Strike 0-1: Foul Ball, location: 2F 0-2: Ball 1-2: Strikes out looking
|
|
Batting: SHB Sean Cook
|
0-0: Foul Ball, location: 2F 0-1: Foul Ball, location: 2F 0-2: Ball 1-2: Ball 2-2: Ball 3-2: Foul Ball, location: 2F 3-2: Foul Ball, location: 2F 3-2: Ground out 4-3 (Groundball, 34D, EV 105.6 MPH)
|
|
Pitching: LHP Tyler Stancil
|
|
|
Batting: SHB Roberto Magne
|
0-0: Ball 1-0: Called Strike 1-1: Ground out U3 (Groundball, 34, EV 106.2 MPH)
|
| Bottom of the 9th over - 0 runs, 0 hits, 0 errors, 0 left on base; San Francisco 7 - New York 1 |
|